 Dungeon Crawl Stone Soup version 0.24-a0-584-g9d6b971 (webtiles) character file.

Game seed: 6687366752112160398, levelgen mode: deterministic

751111 CountDeLaPain the Halfling Barricade (level 27, -37/204 HPs)
             Began as a Halfling Berserker on Sept 1, 2019.
             Was a High Priest of Trog.
             Killed from afar by an orb of fire (62 damage)
             ... with a fireball
             ... on level 5 of the Realm of Zot on Sept 2, 2019.
             The game lasted 08:33:30 (111172 turns).

CountDeLaPain the Halfling Barricade (HaBe)       Turns: 111172, Time: 08:33:31

Health: -37/204    AC:  0    Str: 20    XL:     27
Magic:  33/33      EV: 37    Int:  6    God:    Trog [*****.]
Gold:   5617       SH:  5    Dex: 23    Spells: 26/26 levels left

rFire    . . .     SeeInvis .   (weapon currently unavailable)
rCold    . . .     Gourm    .   (shield currently unavailable)
rNeg     . . .     Faith    .   (armour currently unavailable)
rPois    .         Spirit   .   (helmet currently unavailable)
rElec    .         Reflect  +   (cloak currently unavailable)
rCorr    .         Harm     .   (gloves currently unavailable)
MR       ++++.     Rnd*Rage +   (boots currently unavailable)
Stlth    +++++++...             J - amulet of Coelouri {Reflect Dex+3 SH+5}
HPRegen  1.00/turn              (ring currently unavailable)
MPRegen  0.23/turn              (ring currently unavailable)

@: about to teleport, pig-form, marked, no potions, berserk cooldown,
regenerating, slowed, studying Fighting
A: small, berserk 2, clumsy 1, dopey 1, low mp 1, mutation resistance 1,
inhibited regeneration
}: 5/15 runes: decaying, slimy, silver, abyssal, gossamer
a: Berserk, Trog's Hand, Brothers in Arms, Renounce Religion


You were on level 5 of the Realm of Zot.
You worshipped Trog.
Trog was extremely pleased with you.
You were hungry.
You were a filthy swine.
You visited 11 branches of the dungeon, and saw 57 of its levels.
You visited the Abyss 1 time.
You visited 1 bazaar.
You also visited: Sewer, Gauntlet, Ice Cave, Volcano and Wizlab.

You collected 8335 gold pieces.
You spent 2718 gold pieces at shops.

Inventory:

Hand Weapons
 k - a +9 quick blade of electrocution (melded)
 A - the +8 quick blade of Cest {freeze, Dex+5}
   (Trog gifted it to you on level 3 of the Elven Halls)

   It has been specially enchanted to freeze those struck by it, causing extra
   injury to most foes and up to half again as much damage against particularly
   susceptible opponents.
   It can also slow down cold-blooded creatures.
   It affects your dexterity (+5).
 K - a +3 fustibalus of velocity
Missiles
 e - 1022 sling bullets
Armour
 n - the +5 ring mail of the Wilderness (melded) {rF+ rCorr Str-5 Dex+3}
   (You took it off a minotaur in a Gauntlet)

   It affects your strength (-5).
   It affects your dexterity (+3).
   It protects you from fire.
   It provides partial protection from all sources of acid and corrosion.
 z - a +2 pair of gloves (melded)
 E - the +0 helmet of Devotion (melded) {-Cast Str+2 Stlth+}
   (You found it in a Gauntlet)

   It affects your strength (+2).
   It prevents spellcasting.
   It makes you more stealthy.
 R - the +1 shield of Valour (melded) {Str+3 Dex+4}
   (You bought it in a shop on level 1 of the Elven Halls)

   It affects your strength (+3).
   It affects your dexterity (+4).
 T - a +2 cloak of fire resistance (melded)
 U - the +0 pair of boots of Upte Gul (melded) {Str+5 Int+4}
   (You found it on level 14 of the Dungeon)

   It affects your strength (+5).
   It affects your intelligence (+4).
Jewellery
 p - the ring of the Doge (melded) {rPois Str+7 Stlth+}
   (You found it on level 5 of the Pits of Slime)

   [ring of stealth]

   It affects your strength (+7).
   It protects you from poison.
   It makes you more stealthy.
 u - an uncursed ring of protection from magic
 C - an uncursed ring of ice
 F - the ring "Hiutrug" {+Fly rF+ rN+}
   (You took it off an ancient champion on level 3 of the Crypt)

   [ring of positive energy]

   It protects you from fire.
   It protects you from negative energy.
   It lets you fly.
 G - an uncursed ring of see invisible
 I - the ring "Faceakh" (melded) {rElec rN+}
   (You found it on level 3 of the Crypt)

   [ring of positive energy]

   It insulates you from electricity.
   It protects you from negative energy.
 J - the amulet of Coelouri (around neck) {Reflect Dex+3 SH+5}
   (You acquired it on level 2 of the Orcish Mines)

   [amulet of reflection]

   It shields you and reflects attacks.
   It affects your dexterity (+3).
   It affects your SH (+5).
 M - the ring "Ofiuntog" {rPois Str+7 Int-2}
   (You found it in a Gauntlet)

   [ring of poison resistance]

   It affects your strength (+7).
   It affects your intelligence (-2).
   It protects you from poison.
 S - an uncursed ring of magical power
 W - the ring of the Mage {Wiz MR++ Int+3}
   (You found it on level 4 of the Depths)

   [ring of wizardry]

   It improves your spell success rate.
   It affects your intelligence (+3).
   It affects your resistance to hostile enchantments.
 Z - an uncursed ring of ice
Wands
 a - a wand of acid (37)
 o - a wand of iceblast (36)
 y - a wand of digging (34)
 X - a wand of paralysis (22)
 Y - a wand of clouds (7)
Scrolls
 b - 7 scrolls of enchant armour
 d - 4 scrolls of summoning
 f - 7 scrolls of fear
 g - 36 scrolls of remove curse
 h - 6 scrolls of teleportation
 i - 18 scrolls of identify
 l - 2 scrolls of holy word
 m - 10 scrolls of fog
 t - a scroll of acquirement
 w - 5 scrolls of blinking
 N - 14 scrolls of magic mapping
Potions
 j - 9 potions of invisibility
 q - 2 potions of heal wounds
 r - 8 potions of cancellation
 s - 10 potions of agility
 x - 25 potions of curing
 B - 7 potions of haste
 H - 3 potions of resistance
 O - 8 potions of might
 Q - 11 potions of flight
Books
 L - a manual of Fighting
Miscellaneous
 v - a lightning rod (4/4)
 D - 2 boxes of beasts
 P - a phial of floods
 V - a lamp of fire
Comestibles
 c - 21 rations


   Skills:
 + Level 20.8 Fighting
 + Level 22.8 Short Blades
 + Level 16.0 Slings
 + Level 13.2 Armour
 + Level 23.3 Dodging
 + Level 17.4 Stealth
 O Level 27 Shields
 * Level 19.8 Evocations


You had 26 spell levels left.
You didn't know any spells.
Your spell library was empty.

Dungeon Overview and Level Annotations

Branches:
Dungeon (15/15)            Temple (0/1) D:4            Lair (6/6) D:10
  Swamp (4/4) Lair:4       Spider (4/4) Lair:3        Slime (5/5) Lair:5
    Orc (2/2) D:9             Elf (3/3) Orc:2        Vaults (5/5) D:14
  Crypt (3/3) Vaults:2       Tomb (0/3) Crypt:3      Depths (5/5) D:15
    Zot (5/5) Depths:5      Sewer (visited)           IceCv (visited)
Volcano (visited)          WizLab (visited)         Gauntlet (visited)

Altars:
Cheibriados
Dithmenos
Qazlal
Sif Muna
Uskayaw
Vehumet
Xom
Zin
The Shining One
Beogh

Shops:
D:4 [   D:5 *   D:6 (   D:9 *   D:11 [[=   D:15 *   Orc:2 [=??   Elf:1 :!***?
Elf:3 }   Vaults:2 (

Portals:
Hell: Depths:1 Depths:2 Depths:3 Depths:4 Depths:5
Abyss: Depths:2 Depths:3 Depths:4
Pandemonium: Depths:2 Depths:3
Ziggurat: Depths:3

Annotations:
Spider:1 Frances
Elf:1 6 runed translucent doors
Zot:1 3 runed translucent doors, miscthings's ghost, legendary CeHu


Innate Abilities, Weirdness & Mutations

You are small and have problems with some larger weapons.
You are somewhat resistant to further mutation.
You often lose your temper in combat.
You are clumsy. (Dex -2)
You are dopey. (Int -2)
Your magical capacity is low. (-10% MP)
You do not regenerate when monsters are visible.


Message History

The alarm trap emits a blaring wail!
A sentinel's mark forms upon you.
The orb of fire emits a lurid red light.
Strange energies course through your body.
You feel odd for a moment.
You hear a deafening roar!
You hear a roar!
You hear a shout!
You hear a roar!
The orb of fire glows red.
Strange energies course through your body.
You feel odd for a moment.
The orb of fire emits a lurid red light.
The bolt of fire misses you.
As you read the scroll of teleportation, it crumbles to dust.
You feel strangely unstable.
You feel the Orb delaying your translocation!
The orb of fire glows red.
The fireball explodes!
The fireball engulfs you!!!
* * * LOW HITPOINT WARNING * * *
The orb of fire glows yellow.
The fireball explodes!
The fireball engulfs you!!!
You die...

#.........##
##.....#..[.#
#.....###...##
##.....# ##...#
##...<.## ##..##
###.....## ##..#
#.....### ##.#
▓################▓▓
##.^.^.........h##
##................##
#......†.[.........##
........)......p....#
...))............*..#
.............(..q...#
..^^.........(......#
^.^...........).....#
....................#


You could see an orb of fire, a Killer Klown and a purple draconian shifter.

Vanquished Creatures
  the Royal Jelly (Slime:5)
  2 orbs of fire
  Mara (Crypt:2)
  2 juggernauts (Depths:3)
  6 ancient liches
  Sojobo (Vaults:4)
  3 Killer Klowns
  Bai Suzhen (Vaults:2)
  Margery (Depths:5)
  Boris (twice) (Vaults:4 Crypt:1)
  Saint Roka (Depths:5)
  3 curse toes
  11 golden dragons
  4 caustic shrikes
  Jory (Crypt:1)
  The ghost of Viguin the Executioner, a veteran MiFi of Okawaru (Depths:4)
  Nikola (Elf:2)
  A bone dragon (Crypt:3)
  A profane servitor (Abyss:3)
  3 electric golems
  Jorgrun (Orc:2)
  A hellephant (Abyss:5)
  16 tentacled monstrosities
  A shard shrike zombie (Crypt:1)
  Rupert (Orc:2)
  7 Orb Guardians (Zot:5)
  Asterion (Depths:2)
  5 liches
  5 titans
  6 quicksilver dragons
  2 deep elf blademasters (Elf:3)
  A tentacled starspawn (Abyss:5)
  29 acid blobs
  8 shadow dragons
  3 thorn hunters
  7 death cobs
  5 sphinxes
  10 storm dragons
  Kirke (Swamp:3)
  5 ancient champions
  4 revenants
  9 frost giants
  23 azure jellies
  A daeva (Depths:2)
  7 draconian monks
  10 tengu reavers
  10 draconian knights
  7 deep elf sorcerers
  3 balrugs
  11 fire giants
  5 iron dragons
  A cacodemon (WizLab)
  Louise (Depths:3)
  8 ghost moths
  8 draconian scorchers
  7 emperor scorpions
  12 vault wardens
  7 draconian stormcallers
  2 ghouls
  6 deep elf elementalists
  A curse skull (Crypt:3)
  2 reapers
  An orc warlord (Orc:2)
  3 spriggan defenders
  8 ironheart preservers
  9 draconian shifters
  6 draconian annihilators
  A black sun (WizLab)
  The ghost of Giuch the Blocker, a journeyman GnWn of Makhleb (D:14)
  20 stone giants
  2 war gargoyles (Vaults:5)
  25 very ugly things
  The ghost of Cearch the Severer, a journeyman MiBe of Trog (D:14)
  13 green draconians
  3 deep elf demonologists
  8 purple draconians
  4 dire elephants (Lair:6)
  6 vampire knights
  4 entropy weavers
  3 spark wasps
  9 deep elf annihilators
  10 black draconians
  A lorocyproca (WizLab)
  A minotaur (Gauntlet)
  13 red draconians
  8 yellow draconians
  The ghost of Wirosm the Spear-Bearer, a journeyman NaGl of Vehumet (D:14)
  The ghost of Suus the Grappler, a journeyman TrWr of Cheibriados (Lair:2)
  8 white draconians
  Snorg (Lair:3)
  6 eidola
  8 fire dragons
  9 death oozes
  13 ettins
  11 deep elf death magi
  Josephine (Orc:2)
  4 deep elf high priests
  10 ice dragons
  4 jiangshi
  14 great orbs of eyes
  A naga warrior (Abyss:3)
  4 rakshasas
  17 hydras
  11 yaktaur captains
  10 ogre magi
  4 spriggan air magi
  35 vault guards
  5 shambling mangroves
  2 ghost crabs
  A catoblepas (D:13)
  An anaconda (Lair:6)
  31 two-headed ogres
  A queen ant (shapeshifter) (Elf:3)
  12 centaur warriors
  5 death knights
  A queen ant (Lair:6)
  26 dancing weapons
  12 alligators
  A hell hog (Abyss:5)
  5 deep troll shamans
  3 tengu warriors (Depths:1)
  7 deep troll earth magi
  5 vampire magi
  A shock serpent (shapeshifter) (Elf:2)
  8 thrashing horrors
  2 titan zombies (Vaults:4)
  15 death yaks
  5 spriggan berserkers
  5 orc high priests (Orc:2)
  19 hell knights
  8 wretched stars
  2 soul eaters
  27 deep elf knights
  4 sun demons
  2 fire crabs
  7 iron trolls
  A golden dragon zombie (Crypt:1)
  A sixfirhy (WizLab)
  3 shadow wraiths
  14 skeletal warriors
  13 small abominations
  2 salamander mystics
  2 spatial maelstroms (Abyss:5)
  A deep troll (shapeshifter) (Depths:4)
  16 unseen horrors
  An anaconda zombie (Crypt:1)
  5 wizards
  3 shadow demons (WizLab)
  12 swamp dragons
  20 deep elf archers
  19 deep trolls
  8 flayed ghosts
  A spriggan druid (Swamp:4)
  9 phantasmal warriors
  3 ironbrand convokers
  6 glowing orange brains
  21 orc knights
  Pikel (D:6)
  9 necromancers
  4 lindwurms (Lair:2)
  7 orc sorcerers
  An orb spider (shapeshifter) (Vaults:3)
  A stone giant zombie (Crypt:1)
  32 wolf spiders
  A mana viper (shapeshifter) (Vaults:5)
  4 harpies
  21 orb spiders
  2 manticores
  68 ugly things
  2 shadow dragon skeletons (Crypt:1)
  67 deep elf magi
  6 salamanders
  A human zombie (Vaults:4)
  A wolf spider (shapeshifter) (Elf:3)
  An oklob plant (Lair:1)
  33 moths of wrath
  7 cyclopes
  10 elephants
  3 manticores (shapeshifter)
  6 shining eyes
  3 worldbinders
  An iron dragon skeleton (Crypt:1)
  2 frost giant zombies (Depths:1)
  A moth of wrath (shapeshifter) (Vaults:5)
  A shock serpent zombie (Crypt:1)
  2 ice statues (IceCv)
  A frost giant skeleton (Crypt:1)
  2 guardian serpents
  9 smoke demons
  5 rust devils
  2 black mambas
  Maurice (D:11)
  3 torpor snails
  Psyche (D:9)
  17 vault sentinels
  3 eyes of devastation
  A torpor snail (shapeshifter) (Vaults:5)
  2 stone giant skeletons
  26 spiny frogs
  2 gargoyles
  2 orange demons
  2 spiny frogs (shapeshifter)
  A hellion (Abyss:3)
  3 ice devils (WizLab)
  A rime drake (shapeshifter) (Depths:1)
  A grey draconian zombie (Crypt:1)
  A redback zombie (D:15)
  A yaktaur (shapeshifter) (Vaults:5)
  9 komodo dragons
  A shock serpent skeleton (Crypt:2)
  A kobold demonologist (D:13)
  2 tormentors (WizLab)
  7 demonic crawlers
  9 freezing wraiths
  34 yaktaurs
  A queen bee (D:11)
  2 meliai (shapeshifter)
  8 hellwings
  A queen bee (shapeshifter) (Vaults:2)
  9 trolls
  A polar bear (shapeshifter) (Vaults:2)
  A silent spectre (Abyss:3)
  A queen ant zombie (Crypt:3)
  4 ancient zymes
  3 red devils
  31 jumping spiders
  A shadow dragon simulacrum (Crypt:1)
  A tengu simulacrum (Vaults:4)
  A polar bear (Lair:4)
  2 meliai (D:13)
  A tengu conjurer (D:14)
  31 hornets
  A hydra skeleton (Crypt:1)
  2 wind drakes (shapeshifter) (Vaults:2)
  2 hornets (shapeshifter)
  4 blink frogs (Lair:4)
  20 large abominations
  2 harpy skeletons
  9 bog bodies
  135 slime creatures
  23 tyrant leeches
  An ettin zombie (Abyss:2)
  A hippogriff (shapeshifter) (Depths:2)
  28 raiju
  11 dream sheep (Lair:4)
  2 blink frogs (shapeshifter)
  18 flying skulls
  12 hippogriffs
  A redback (shapeshifter) (Vaults:5)
  An air elemental (Elf:2)
  Sigmund (D:2)
  69 redbacks
  2 vampires (D:13)
  11 spriggans
  23 tarantellas
  A wyvern (shapeshifter) (Depths:1)
  An ice dragon skeleton (Depths:1)
  A spriggan (shapeshifter) (Vaults:3)
  3 water elementals
  4 ynoxinuls
  A fire bat (shapeshifter) (Vaults:5)
  2 wyverns
  2 shadows
  A satyr skeleton (Crypt:1)
  3 basilisks
  11 wraiths
  9 fire bats
  11 golden eyes
  31 yaks
  A basilisk (shapeshifter) (Vaults:1)
  5 neqoxecs
  6 chaos spawn
  3 hungry ghosts
  5 fire elementals
  A human (D:14)
  Menkaure (D:7)
  25 vampire mosquitoes
  10 insubstantial wisps
  A warg (shapeshifter) (Vaults:5)
  5 wargs
  9 soldier ants
  An acid dragon (shapeshifter) (Vaults:3)
  9 water moccasins
  A naga (Abyss:3)
  An acid dragon (Vaults:2)
  An infernal demonspawn zombie (Crypt:3)
  18 swamp worms
  A floating eye (Slime:5)
  11 porcupines
  A hell hound (Volcano)
  17 swamp drakes
  A deep troll skeleton (Crypt:2)
  9 ice beasts
  4 black bears
  2 phantoms
  Purgy (Sewer)
  An elephant zombie (Crypt:3)
  7 sky beasts
  A snapping turtle zombie (Crypt:1)
  61 orc warriors
  A deep troll simulacrum (Depths:1)
  6 boggarts
  An ettin simulacrum (Crypt:1)
  13 eyes of draining
  2 necrophages
  42 ogres
  2 elf skeletons
  17 wolves
  A tengu (shapeshifter) (Depths:2)
  11 centaurs
  11 crocodiles
  2 big kobolds
  17 bullfrogs
  A hippogriff zombie (Crypt:3)
  A yaktaur skeleton (Crypt:1)
  A wyvern zombie (D:14)
  3 earth elementals
  2 human skeletons (Vaults:4)
  A wyvern skeleton (D:12)
  A hornet simulacrum (D:14)
  4 scorpions
  A manticore simulacrum (Crypt:1)
  22 wights
  20 killer bees
  3 howler monkeys
  4 electric eels
  5 quasits
  2 centaur zombies
  3 crimson imps
  25 starcursed masses
  A bullfrog zombie (D:10)
  39 orc priests
  4 hounds
  3 centaur skeletons
  32 orc wizards
  4 jellies
  4 bullfrog skeletons
  2 gnoll shamans
  An iron imp (Abyss:1)
  2 iguanas
  Terence (D:2)
  33 worker ants
  A naga zombie (Crypt:3)
  A bullfrog simulacrum (D:13)
  A hound skeleton (D:8)
  A worker ant zombie (D:9)
  A howler monkey zombie (D:7)
  10 gnolls
  A howler monkey skeleton (Crypt:1)
  15 adders
  A steam dragon zombie (Crypt:2)
  5 shadow imps
  4 white imps
  An ufetubus (Abyss:3)
  An adder zombie (D:5)
  A halfling skeleton (Crypt:2)
  7 worms
  3 adder skeletons
  A barachi skeleton (Crypt:3)
  A barachi zombie (Crypt:2)
  A dart slug (D:1)
  5 leopard geckos
  142 orcs
  4 ball pythons
  12 giant cockroaches
  11 goblins
  7 hobgoblins
  5 jackals
  10 kobolds
  6 quokkas
  8 bats
  11 frilled lizards
  3 jackal skeletons
  A kobold skeleton (Crypt:2)
  An orc zombie (Crypt:1)
  A quokka zombie (D:4)
  9 rats
  3 briar patches
  A butterfly (Lair:1)
  A fungus (D:10)
  A lurking horror (Abyss:5)
  5 plants
2906 creatures vanquished.

Vanquished Creatures (collateral kills)
  A golden dragon (shapeshifter) (Vaults:5)
  A Hellbinder (WizLab)
  A lich (Vaults:3)
  A titan (Vaults:5)
  A tentacled starspawn (Abyss:4)
  A storm dragon (Vaults:5)
  An azure jelly (Slime:5)
  2 balrugs (WizLab)
  An ironheart preserver (Vaults:5)
  A draconian scorcher (Zot:1)
  2 entropy weavers
  A green draconian (Zot:4)
  A red draconian (Zot:4)
  A purple draconian (Zot:4)
  A yellow draconian (Zot:4)
  A death ooze (Slime:5)
  A fire dragon (Vaults:3)
  A deep elf high priest (Vaults:5)
  A vault guard (Vaults:5)
  3 small abominations
  A sea snake (shapeshifter) (Vaults:5)
  A sixfirhy (WizLab)
  2 orb spiders (Spider:1)
  An ironbrand convoker (Vaults:5)
  An ugly thing (Vaults:5)
  4 deep elf magi
  A spiny frog (Lair:4)
  A vault sentinel (Vaults:5)
  A tormentor (WizLab)
  A yaktaur (Vaults:3)
  A hellwing (WizLab)
  A troll (D:11)
  2 jumping spiders (Spider:1)
  A raiju (Abyss:5)
  8 slime creatures (Slime:2)
  3 flying skulls (Gauntlet)
  A redback (Spider:1)
  A fire bat (Lair:1)
  A large abomination (Abyss:5)
  A neqoxec (WizLab)
  A hungry ghost (D:11)
  4 starcursed masses (Abyss:4)
  A centaur (shapeshifter) (Vaults:5)
  An orc priest (Orc:2)
  9 white imps (Orc:2)
  An orc (Orc:2)
75 creatures vanquished.

Vanquished Creatures (others)
  A golden dragon (Depths:3)
  2 deep elf master archers (Elf:3)
  A vault warden (Vaults:1)
  A deep elf sorcerer (Elf:1)
  4 stone giants
  A deep elf annihilator (Elf:3)
  5 yaktaur captains
  A spriggan (Swamp:3)
  3 deep elf archers
  A cyclops (Vaults:2)
  2 deep elf magi
  A moth of wrath (Zot:2)
  12 yaktaurs
  Prince Ribbit (D:6)
  A jumping spider (Spider:2)
  2 hornets
  A blink frog (Abyss:3)
  A redback (Spider:1)
  A human (Swamp:3)
  2 golden eyes (Abyss:5)
  A small abomination (Abyss:3)
  An ogre (Vaults:5)
  A centaur (D:15)
  A quasit (Abyss:4)
  3 orcs
  A briar patch (Swamp:4)
  A crawling corpse (Vaults:5)
  14 fungi
  2 lurking horrors
  15 plants
  10 starspawn tentacles
94 creatures vanquished.

Grand Total: 3075 creatures vanquished

Notes
Turn   | Place    | Note
-------+----------+-------------------------------------------
     0 | D:1      | CountDeLaPain the Halfling Berserker began the quest for
                  | the Orb.
     0 | D:1      | Reached XP level 1. HP: 15/15 MP: 1/1
    80 | D:1      | Reached XP level 2. HP: 13/20 MP: 2/2
   437 | D:1      | Reached XP level 3. HP: 18/26 MP: 3/3
   838 | D:2      | Noticed Sigmund
  1291 | D:2      | Reached XP level 4. HP: 27/31 MP: 4/4
  1553 | D:2      | Reached ** piety under Trog
  1617 | D:2      | Noticed Terence
  2181 | D:3      | Reached skill level 5 in Short Blades
  2181 | D:3      | Reached skill level 1 in Stealth
  2181 | D:3      | Reached XP level 5. HP: 36/36 MP: 5/5
  2805 | D:3      | Reached XP level 6. HP: 42/42 MP: 6/6
  3205 | D:2      | Killed Sigmund
  3205 | D:2      | Reached skill level 1 in Slings
  3205 | D:2      | Reached XP level 7. HP: 47/47 MP: 7/7
  3368 | D:2      | Killed Terence
  4665 | D:4      | Found a staircase to the Ecumenical Temple.
  4702 | D:4      | Reached *** piety under Trog
  4932 | D:4      | Found Nocib's Armour Boutique.
  5387 | D:5      | Entered Level 5 of the Dungeon
  5463 | D:5      | Reached XP level 8. HP: 40/54 MP: 8/8
  5597 | D:5      | Found a hide-covered altar of Uskayaw.
  5863 | D:5      | Reached skill level 5 in Armour
  6706 | D:5      | Found a radiant altar of Vehumet.
  6723 | D:5      | Found Nuejamy's General Store.
  6727 | D:5      | Bought the cursed +0 hunting sling "Mupsa" {freeze, Int+4}
                  | for 166 gold pieces
  6913 | D:6      | Noticed Prince Ribbit
  6933 | D:6      | Found a glowing drain.
  6945 | Sewer    | Entered a sewer
  6972 | Sewer    | Noticed Purgy
  6983 | Sewer    | Killed Purgy
  7125 | Sewer    | Reached XP level 9. HP: 59/59 MP: 9/9
  7267 | D:6      | Reached skill level 5 in Dodging
  7353 | D:6      | Found a glowing silver altar of Zin.
  7390 | D:6      | Found Hove's Antique Weapon Shop.
  7457 | D:6      | Noticed Pikel
  7548 | D:6      | Killed Pikel
  7548 | D:6      | Reached skill level 5 in Slings
  7686 | D:6      | Reached skill level 5 in Fighting
  7891 | D:6      | Killed Prince Ribbit
  8053 | D:7      | Found a shadowy altar of Dithmenos.
  8083 | D:7      | Noticed Menkaure
  8093 | D:7      | Killed Menkaure
  8354 | D:7      | Found a snail-covered altar of Cheibriados.
  8363 | D:7      | Reached XP level 10. HP: 66/66 MP: 10/10
  8895 | D:8      | Reached **** piety under Trog
  9155 | D:8      | Reached skill level 10 in Short Blades
  9219 | D:8      | Noticed a two-headed ogre
  9258 | D:9      | Found Ituaw's General Store.
  9284 | D:9      | Noticed a komodo dragon
  9302 | D:9      | Killed a komodo dragon
  9396 | D:9      | Reached skill level 1 in Evocations
  9440 | D:9      | Bought a +0 morningstar of crushing for 112 gold pieces
  9473 | D:9      | Found a staircase to the Orcish Mines.
  9499 | D:9      | Noticed Psyche
  9670 | D:8      | Killed a two-headed ogre
 10182 | D:8      | Reached XP level 11. HP: 72/72 MP: 12/12
 10734 | D:9      | Reached skill level 10 in Slings
 11038 | D:9      | Found a glowing golden altar of the Shining One.
 11214 | D:9      | Found a shimmering blue altar of Sif Muna.
 11411 | D:9      | Noticed a cyclops
 11415 | D:9      | Killed a cyclops
 11549 | D:10     | Entered Level 10 of the Dungeon
 11583 | D:10     | Received a gift from Trog
 11866 | D:10     | Found a staircase to the Lair.
 12542 | Lair:1   | Entered Level 1 of the Lair of Beasts
 12695 | Lair:1   | Noticed an oklob plant
 12851 | Lair:1   | Reached skill level 5 in Stealth
 12897 | Lair:1   | Found a dark tunnel.
 12908 | Volcano  | Entered a volcano
 13590 | Lair:2   | Reached XP level 12. HP: 80/80 MP: 13/13
 13827 | Lair:2   | Received a gift from Trog
 14347 | Lair:2   | Found a runed translucent door.
 14348 | Lair:2   | Noticed Suus's ghost (journeyman TrWr)
 14354 | Lair:2   | Noticed an eight-headed hydra
 14411 | Lair:2   | Noticed a death yak
 14418 | Lair:2   | Noticed a death yak
 14422 | Lair:2   | Noticed a death yak
 14533 | Lair:3   | Reached skill level 10 in Dodging
 14976 | Lair:3   | Received a gift from Trog
 15186 | Lair:3   | Found a hole to the Spider Nest.
 15413 | Lair:3   | Noticed a fire crab
 15430 | Lair:3   | Killed a fire crab
 15470 | Lair:3   | Noticed Snorg
 15489 | Lair:3   | Killed Snorg
 15489 | Lair:3   | Reached XP level 13. HP: 89/89 MP: 14/14
 16124 | Lair:4   | Identified 2 scrolls of acquirement
 16158 | Lair:4   | Got a pitted ring mail
 16159 | Lair:4   | Identified the cursed +0 ring mail of the Hare {rF+ SInv}
                  | (You found it on level 4 of the Lair of Beasts)
 16265 | Lair:3   | Reached ***** piety under Trog
 16420 | Lair:3   | Reached skill level 1 in Shields
 16603 | Lair:4   | Received a gift from Trog
 16939 | Lair:4   | Reached skill level 2 in Shields
 17042 | Lair:4   | Found a staircase to the Swamp.
 17976 | Lair:5   | Found a staircase to the Slime Pits.
 18108 | Lair:5   | Noticed an eight-headed hydra
 18120 | Lair:5   | Killed an eight-headed hydra
 18128 | Lair:5   | Noticed a five-headed hydra
 18226 | Lair:5   | Noticed an eight-headed hydra
 18244 | Lair:5   | Killed a five-headed hydra
 18244 | Lair:5   | Reached XP level 14. HP: 95/98 MP: 16/16
 18383 | Lair:6   | Entered Level 6 of the Lair of Beasts
 18475 | Lair:6   | Found a gate leading to a gauntlet.
 18485 | Gauntlet | Entered a Gauntlet
 18485 | Gauntlet | Found a transporter.
 18485 | Gauntlet | Found a transporter.
 18501 | Gauntlet | Found a transporter.
 18514 | Gauntlet | Found a transporter.
 18533 | Gauntlet | Found a transporter.
 18550 | Gauntlet | Found a transporter.
 18681 | Gauntlet | Found a transporter.
 18695 | Gauntlet | Found a transporter.
 18706 | Gauntlet | Found a transporter.
 18706 | Gauntlet | Found a transporter.
 18706 | Gauntlet | Noticed a dire elephant
 18711 | Gauntlet | Found a transporter.
 18773 | Gauntlet | Found a transporter.
 18785 | Gauntlet | Found a transporter.
 18836 | Gauntlet | Found a transporter.
 18855 | Gauntlet | Found a transporter.
 18871 | Gauntlet | Found a transporter.
 19015 | Gauntlet | Reached skill level 3 in Shields
 19274 | Gauntlet | Got a polished helmet
 19289 | Gauntlet | Identified the cursed +0 helmet of Devotion {-Cast Str+2
                  | Stlth+} (You found it in a Gauntlet)
 19382 | Gauntlet | Reached skill level 10 in Fighting
 19428 | Gauntlet | Got an ancient amber ring
 19429 | Gauntlet | Identified the ring "Ofiuntog" {rPois Str+7 Int-2} (You
                  | found it in a Gauntlet)
 19499 | Gauntlet | Identified the +5 ring mail of the Wilderness {rF+ rCorr
                  | Str-5 Dex+3}
 19499 | Gauntlet | Noticed a minotaur
 19520 | Gauntlet | Killed a minotaur
 19743 | Lair:6   | Reached skill level 4 in Shields
 20665 | Lair:6   | Reached skill level 5 in Shields
 20776 | Lair:6   | Noticed an entropy weaver
 20793 | Lair:6   | Killed an entropy weaver
 21139 | Lair:6   | Received a gift from Trog
 21266 | Lair:6   | Noticed an entropy weaver
 21289 | Lair:6   | Killed an entropy weaver
 22015 | Lair:6   | Noticed a dire elephant
 22015 | Lair:6   | Noticed a dire elephant
 22033 | Lair:6   | Killed a dire elephant
 22051 | Lair:6   | Killed a dire elephant
 22103 | Lair:6   | Noticed a dire elephant
 22153 | Lair:6   | Killed a dire elephant
 22153 | Lair:6   | Reached XP level 15. HP: 80/105 MP: 17/17
 22417 | Lair:6   | Reached skill level 6 in Shields
 22846 | Lair:2   | Received a gift from Trog
 23476 | Lair:2   | Reached skill level 7 in Shields
 23476 | Lair:2   | Reached XP level 16. HP: 82/112 MP: 17/19
 23798 | Spider:1 | Entered Level 1 of the Spider Nest
 24252 | Spider:1 | Received a gift from Trog
 24796 | Spider:1 | Received a gift from Trog
 25031 | Spider:1 | HP: 1/112 [disintegration (34)]
 25357 | Spider:1 | Noticed Frances
 26080 | Spider:2 | Reached skill level 8 in Shields
 26747 | Spider:2 | Reached XP level 17. HP: 85/119 MP: 20/20
 27080 | Spider:2 | Received a gift from Trog
 28708 | Spider:2 | Reached skill level 15 in Dodging
 29381 | Spider:3 | Reached skill level 15 in Short Blades
 29820 | Orc:1    | Entered Level 1 of the Orcish Mines
 29858 | Orc:1    | Paralysed by an orc sorcerer for 6 turns
 29870 | Orc:1    | Reached skill level 9 in Shields
 30330 | Orc:2    | Entered Level 2 of the Orcish Mines
 30400 | Orc:2    | Noticed Jorgrun
 30434 | Orc:2    | Killed Jorgrun
 30497 | Orc:2    | Received a gift from Trog
 30505 | Orc:2    | Found a roughly hewn altar of Beogh.
 30574 | Orc:2    | Noticed Rupert
 30583 | Orc:2    | Found a frozen archway.
 31034 | Orc:2    | Killed Rupert
 31064 | IceCv    | Entered an ice cave
 31127 | IceCv    | Found a transporter.
 31150 | IceCv    | Found a transporter.
 31446 | Orc:2    | Received a gift from Trog
 31749 | Orc:2    | Found a staircase to the Elven Halls.
 31754 | Orc:2    | Noticed Josephine
 31768 | Orc:2    | Killed Josephine
 31793 | Orc:2    | Received a gift from Trog
 32222 | Elf:1    | Entered Level 1 of the Elven Halls
 32526 | Orc:2    | Received a gift from Trog
 32526 | Orc:2    | Reached skill level 10 in Shields
 32855 | Orc:2    | Reached XP level 18. HP: 125/127 MP: 21/21
 33075 | Orc:2    | Found Osoffirch's Armour Shoppe.
 33075 | Orc:2    | Found Qonyolusm's Magic Scroll Shoppe.
 33076 | Orc:2    | Found Juunnung's Jewellery Emporium.
 33076 | Orc:2    | Found Cocakk's Magic Scroll Shoppe.
 33354 | Orc:2    | Got a warped iron amulet
 33356 | Orc:2    | Identified the amulet of Coelouri {Reflect Dex+3 SH+5} (You
                  | acquired it on level 2 of the Orcish Mines)
 33424 | Orc:2    | Bought a scroll of acquirement for 780 gold pieces
 34097 | Spider:4 | Entered Level 4 of the Spider Nest
 34378 | Spider:4 | Reached skill level 10 in Stealth
 35262 | Spider:4 | Received a gift from Trog
 35284 | Spider:4 | Reached skill level 11 in Shields
 35293 | Spider:4 | Got a gossamer rune of Zot
 36374 | D:11     | Found Kiggeb's Antique Armour Shop.
 36795 | D:11     | Noticed Maurice
 36833 | D:11     | Killed Maurice
 36897 | D:11     | Found Akoroz's Jewellery Shoppe.
 37179 | D:11     | Found Boungochae's Armour Boutique.
 37242 | D:11     | Received a gift from Trog
 37609 | D:12     | Received a gift from Trog
 39018 | D:13     | Reached XP level 19. HP: 135/135 MP: 22/22
 39264 | D:13     | Received a gift from Trog
 39325 | D:13     | Reached skill level 12 in Shields
 40099 | D:14     | Received a gift from Trog
 40271 | D:14     | Reached ****** piety under Trog
 40343 | D:14     | Received a gift from Trog
 40488 | D:14     | Found a gate to the Vaults.
 40747 | D:14     | Found a runed translucent gate.
 40747 | D:14     | Found a runed translucent gate.
 40747 | D:14     | Found a runed translucent gate.
 40747 | D:14     | Noticed Wirosm's ghost (journeyman NaGl)
 40748 | D:14     | Noticed Giuch's ghost (journeyman GnWn)
 40748 | D:14     | Noticed Cearch's ghost (journeyman MiBe)
 41762 | D:14     | Killed Giuch's ghost
 41779 | D:14     | Killed Cearch's ghost
 41804 | D:14     | Killed Wirosm's ghost
 41804 | D:14     | Received a gift from Trog
 41833 | D:14     | Got a pair of distressingly furry boots
 41834 | D:14     | Identified the cursed +0 pair of boots of Upte Gul {Str+5
                  | Int+4} (You found it on level 14 of the Dungeon)
 41870 | D:15     | Entered Level 15 of the Dungeon
 42023 | D:15     | Reached skill level 5 in Evocations
 42071 | D:15     | Reached skill level 13 in Shields
 42149 | D:15     | Received a gift from Trog
 42566 | D:15     | Found a stormy altar of Qazlal.
 42613 | D:15     | Received a gift from Trog
 42658 | D:15     | Found Heh Alla's Assorted Antiques.
 42662 | D:15     | Bought a potion of heal wounds for 150 gold pieces
 42680 | D:15     | Found a staircase to the Depths.
 43087 | Swamp:1  | Entered Level 1 of the Swamp
 43721 | Swamp:1  | Reached XP level 20. HP: 133/143 MP: 24/24
 44475 | Swamp:2  | Received a gift from Trog
 44750 | Swamp:2  | Received a gift from Trog
 45744 | Swamp:3  | Noticed Kirke
 45764 | Swamp:3  | Killed Kirke
 45997 | Swamp:3  | Reached skill level 14 in Shields
 46152 | Swamp:3  | Noticed a tentacled monstrosity
 46292 | Swamp:3  | Killed a tentacled monstrosity
 46640 | Swamp:4  | Entered Level 4 of the Swamp
 47099 | Swamp:4  | Received a gift from Trog
 47368 | Swamp:4  | Got a decaying rune of Zot
 47457 | Swamp:4  | Received a gift from Trog
 48027 | Lair:2   | Killed Suus's ghost
 48745 | D:9      | Killed Psyche
 49251 | Slime:1  | Entered Level 1 of the Pits of Slime
 49592 | Slime:1  | Reached XP level 21. HP: 94/149 MP: 26/26
 50507 | Slime:1  | Gained mutation: You are clumsy. (Dex -2) [a shining eye]
 50976 | Slime:2  | Received a gift from Trog
 51192 | Slime:2  | Gained mutation: You are dopey. (Int -2) [a shining eye]
 52247 | Slime:2  | Reached skill level 15 in Shields
 52700 | Slime:3  | Reached skill level 10 in Armour
 53381 | Slime:3  | You fall into a shaft and drop 1 floor!
 53422 | Slime:4  | Reached skill level 15 in Fighting
 53461 | Slime:4  | Gained mutation: You tend to lose your temper in combat. [a
                  | shining eye]
 53463 | Slime:4  | Received a gift from Trog
 53912 | Slime:4  | Received a gift from Trog
 54272 | Slime:4  | Reached skill level 15 in Slings
 54903 | Slime:5  | Entered Level 5 of the Pits of Slime
 55111 | Slime:5  | Reached XP level 22. HP: 149/157 MP: 29/29
 55117 | Slime:5  | Received a gift from Trog
 55445 | Slime:5  | Noticed the Royal Jelly
 55918 | Slime:5  | Killed the Royal Jelly
 57191 | Slime:5  | Identified the Collected Works on Evil Rituals
 57256 | Slime:5  | Got a clouded brass ring
 57257 | Slime:5  | Identified the ring of Wajiph {+Inv MP+9 Int+2} (You found
                  | it on level 5 of the Pits of Slime)
 57275 | Slime:5  | Got a wavering steel ring
 57316 | Slime:5  | Identified the ring of the Doge {rPois Str+7 Stlth+} (You
                  | found it on level 5 of the Pits of Slime)
 57372 | Slime:5  | Got a slimy rune of Zot
 58392 | D:11     | Bought an uncursed ring of protection from magic for 325
                  | gold pieces
 58519 | Elf:1    | Reached skill level 10 in Evocations
 58520 | Elf:1    | Found Rasuzune's Magic Scroll Shop.
 58552 | Elf:1    | Bought a scroll of blinking for 97 gold pieces
 58592 | Elf:1    | Found Zeir's Assorted Antiques.
 58596 | Elf:1    | Bought a faintly humming shield for 380 gold pieces
 58607 | Elf:1    | Identified the +1 shield of Valour {Str+3 Dex+4} (You
                  | bought it in a shop on level 1 of the Elven Halls)
 58994 | Elf:1    | Found Huoxeat's Distillery.
 59163 | Elf:1    | Found Onezos's Book Shop.
 59253 | Elf:1    | Found Inamn's General Store.
 59253 | Elf:1    | Found Coejolo's General Store.
 59312 | Elf:1    | Bought a potion of heal wounds for 75 gold pieces
 59463 | Elf:1    | Reached skill level 16 in Shields
 59570 | Elf:1    | Identified the +10 battleaxe of the Lesser Evil {chop,
                  | Str+7 Int+5}
 59645 | Elf:1    | Received a gift from Trog
 59954 | Elf:1    | Found a runed translucent gate.
 59954 | Elf:1    | Found a runed translucent gate.
 59954 | Elf:1    | Found a runed translucent gate.
 59954 | Elf:1    | Found a runed translucent gate.
 59954 | Elf:1    | Found a runed translucent gate.
 59973 | Elf:1    | Found a runed translucent gate.
 60263 | Elf:2    | Received a gift from Trog
 60906 | Elf:2    | Found a runed translucent gate.
 60906 | Elf:2    | Found a runed translucent gate.
 60916 | Elf:2    | Found a runed translucent gate.
 61330 | Elf:2    | Noticed Nikola
 61371 | Elf:2    | Killed Nikola
 61553 | Elf:2    | Reached XP level 23. HP: 152/164 MP: 31/31
 62017 | Elf:3    | Entered Level 3 of the Elven Halls
 62482 | Elf:3    | Received a gift from Trog
 62563 | Elf:3    | Identified the ring of the Assorted Tales {rF- rCorr Str-4
                  | Slay+5 Stlth+}
 62871 | Elf:3    | Reached skill level 17 in Shields
 63287 | Elf:3    | Identified the +6 battleaxe of Midnight {holy, MP+9 Int+5}
 63457 | Elf:3    | Received a gift from Trog
 63540 | Elf:3    | Identified the Incunabulum of Burning Arcane Weapons
 63635 | Elf:3    | Identified Gyvadd's Disquisition on the Voyage
 63906 | Elf:3    | Found Vashrih's Gadget Boutique.
 64114 | Elf:3    | Received a gift from Trog
 64137 | Elf:3    | Got a crude quick blade {god gift}
 64138 | Elf:3    | Identified the +8 quick blade of Cest {freeze, Dex+5} (Trog
                  | gifted it to you on level 3 of the Elven Halls)
 64656 | Vaults:1 | Entered Level 1 of the Vaults
 65189 | Vaults:1 | Identified the cursed +1 robe of the Doldrums {+Inv rElec
                  | rCorr}
 65788 | Vaults:1 | Reached XP level 24. HP: 157/171 MP: 31/31
 65805 | Vaults:1 | Received a gift from Trog
 66627 | Vaults:1 | Received a gift from Trog
 66938 | Vaults:2 | Reached skill level 18 in Shields
 67073 | Vaults:2 | Found Yqics's Antique Weapon Emporium.
 67156 | Vaults:2 | Received a gift from Trog
 67780 | Vaults:2 | Noticed Bai Suzhen
 67828 | Vaults:2 | Killed Bai Suzhen
 68144 | Vaults:2 | Found a staircase to the Crypt.
 68250 | Vaults:2 | Received a gift from Trog
 68776 | Vaults:3 | Received a gift from Trog
 70401 | Vaults:4 | Found a flickering gateway to a bazaar.
 70453 | Bazaar   | Entered a bazaar
 70454 | Bazaar   | Found Joniot's Weapon Boutique.
 70454 | Bazaar   | Found Deang's Antique Armour Shop.
 70455 | Bazaar   | Found Xofuitav's Distillery.
 70467 | Bazaar   | Found Zemiphag's Assorted Antiques.
 70507 | Bazaar   | Bought a potion of heal wounds for 75 gold pieces
 70507 | Bazaar   | Bought a potion of heal wounds for 75 gold pieces
 70507 | Bazaar   | Bought a potion of curing for 45 gold pieces
 70507 | Bazaar   | Bought a potion of curing for 45 gold pieces
 70507 | Bazaar   | Bought a potion of curing for 45 gold pieces
 70555 | Bazaar   | Bought a glowing hat for 273 gold pieces
 70593 | Bazaar   | Bought a potion of heal wounds for 75 gold pieces
 70658 | Vaults:4 | Reached XP level 25. HP: 179/179 MP: 32/32
 70704 | Vaults:4 | Received a gift from Trog
 70969 | Vaults:4 | Noticed Sojobo
 71004 | Vaults:4 | Killed Sojobo
 71004 | Vaults:4 | Reached skill level 19 in Shields
 72546 | Vaults:4 | Noticed Boris
 72609 | Vaults:4 | Killed Boris
 73021 | Vaults:4 | Received a gift from Trog
 73909 | Depths:1 | Entered Level 1 of the Depths
 74695 | Depths:1 | Got a fine platinum ring
 74696 | Depths:1 | Identified the ring "Xeoc Zux" {Ice *Corrode rN++ Int+4}
                  | (You found it on level 1 of the Depths)
 74735 | Depths:1 | Received a gift from Trog
 74758 | Depths:1 | Found a gateway to Hell.
 75029 | Depths:1 | Reached skill level 20 in Shields
 75817 | Depths:2 | Found a one-way gate to the infinite horrors of the Abyss.
 75872 | Depths:2 | Reached XP level 26. HP: 187/187 MP: 33/33
 76330 | Depths:2 | Noticed Asterion
 76352 | Depths:2 | Killed Asterion
 76485 | Depths:2 | Received a gift from Trog
 76486 | Depths:2 | Found a one-way gate leading to the halls of Pandemonium.
 76765 | Depths:2 | Found a glowing golden altar of the Shining One.
 77045 | Depths:3 | Found a gateway to a ziggurat.
 77205 | Depths:3 | Reached skill level 21 in Shields
 77277 | Depths:3 | Found a magical portal.
 78638 | WizLab   | Found a burning altar of Makhleb.
 78731 | WizLab   | Gained mutation: Your magical capacity is low. (-10% MP) [a
                  | cacodemon]
 79234 | WizLab   | Got a fine cloak
 79235 | WizLab   | Identified the cursed +0 cloak of the Harp {rC- Str+6
                  | Int+3} (You found it in a wizard's laboratory)
 79238 | WizLab   | Got a transparent long sword
 79239 | WizLab   | Identified the cursed +0 long sword "Miek" {slice, Fragile
                  | rPois rC+ SInv} (You found it in a wizard's laboratory)
 79322 | WizLab   | Identified the Grimoire of Creation
 79512 | Depths:3 | Found a hide-covered altar of Uskayaw.
 79940 | Depths:3 | Received a gift from Trog
 80181 | Depths:3 | Reached skill level 22 in Shields
 80207 | Depths:3 | Received a gift from Trog
 80221 | Depths:3 | Noticed a juggernaut
 80334 | Depths:3 | Noticed Louise
 80505 | Depths:3 | Killed a juggernaut
 80644 | Depths:3 | Noticed a juggernaut
 81150 | Depths:3 | Killed a juggernaut
 81213 | Depths:3 | Reached XP level 27. HP: 193/193 MP: 30/30
 81373 | Depths:3 | Received a gift from Trog
 82000 | Depths:3 | Killed Louise
 82421 | Depths:3 | Found a shimmering altar of Xom.
 82465 | Depths:4 | Reached skill level 15 in Evocations
 82749 | Depths:3 | Reached skill level 23 in Shields
 83002 | Depths:4 | Received a gift from Trog
 83339 | Depths:4 | Received a gift from Trog
 83839 | Depths:4 | Found a runed translucent door.
 83853 | Depths:4 | Noticed Viguin's ghost (veteran MiFi)
 83854 | Depths:4 | Found the ring of the Mage {Wiz MR++ Int+3}
 83907 | Depths:4 | Killed Viguin's ghost
 85231 | Depths:5 | Entered Level 5 of the Depths
 85438 | Depths:5 | Noticed Margery
 85442 | Depths:5 | Received a gift from Trog
 85468 | Depths:5 | Killed Margery
 85691 | Depths:5 | Received a gift from Trog
 85839 | Depths:5 | Got a scorched chain mail
 85840 | Depths:5 | Identified the cursed +0 chain mail of Eternal Night {rF+
                  | Str+3 Int-3} (You found it on level 5 of the Depths)
 85869 | Depths:5 | Found a gate to the Realm of Zot.
 86154 | Depths:5 | Received a gift from Trog
 86667 | Depths:5 | Noticed Saint Roka
 86709 | Depths:5 | Killed Saint Roka
 87891 | Crypt:1  | Entered Level 1 of the Crypt
 87912 | Crypt:1  | Reached skill level 24 in Shields
 87914 | Crypt:1  | Received a gift from Trog
 87941 | Crypt:1  | Noticed Jory
 88000 | Crypt:1  | Noticed Boris
 88099 | Crypt:1  | Killed Boris
 88113 | Crypt:1  | Killed Jory
 88348 | Crypt:1  | Received a gift from Trog
 89825 | Crypt:2  | Noticed Mara
 89832 | Crypt:2  | Killed Mara
 89906 | Crypt:2  | Reached skill level 15 in Stealth
 90695 | Crypt:3  | Entered Level 3 of the Crypt
 90915 | Crypt:3  | Received a gift from Trog
 91044 | Crypt:3  | Received a gift from Trog
 91546 | Crypt:3  | Identified the ring "Hiutrug" {+Fly rF+ rN+}
 92364 | Crypt:3  | Found a staircase to the Tomb.
 92400 | Crypt:3  | Noticed an ancient lich
 92400 | Crypt:3  | Noticed an ancient lich
 92411 | Crypt:3  | Noticed an ancient lich
 92433 | Crypt:3  | Killed an ancient lich
 92455 | Crypt:3  | Killed an ancient lich
 92466 | Crypt:3  | Killed an ancient lich
 92482 | Crypt:3  | Identified the Catalogue of Blows and Bruises
 92631 | Crypt:3  | Got a glittering ivory ring
 92633 | Crypt:3  | Identified the ring "Faceakh" {rElec rN+} (You found it on
                  | level 3 of the Crypt)
 92978 | Vaults:5 | Entered Level 5 of the Vaults
 93100 | Vaults:5 | Received a gift from Trog
 93629 | Vaults:4 | Reached skill level 25 in Shields
 93767 | Vaults:5 | Received a gift from Trog
 94040 | Vaults:5 | Paralysed by a floating eye for 3 turns
 94063 | Vaults:5 | Identified the +12 dagger "Bacifie" {pierce, rElec rC-
                  | Str+3 Int+4}
 94174 | Vaults:5 | Got a silver rune of Zot
 94232 | Vaults:5 | Received a gift from Trog
 95161 | Vaults:5 | Received a gift from Trog
 95501 | Vaults:5 | Paralysed by a great orb of eyes for 3 turns
 96148 | Vaults:5 | Received a gift from Trog
 97673 | Zot:1    | Entered Level 1 of the Realm of Zot
 97828 | Zot:1    | Found a runed translucent gate.
 97828 | Zot:1    | Found a runed translucent gate.
 97828 | Zot:1    | Found a runed translucent gate.
 97828 | Zot:1    | Noticed miscthings's ghost (legendary CeHu)
 98075 | Zot:1    | Reached skill level 26 in Shields
 98916 | Zot:1    | Noticed an orb of fire
 98959 | Zot:1    | Killed an orb of fire
 98971 | Zot:1    | Received a gift from Trog
102209 | Zot:2    | Noticed a Killer Klown
102249 | Zot:2    | Killed a Killer Klown
103506 | Zot:3    | Received a gift from Trog
103892 | Zot:3    | Received a gift from Trog
104313 | Zot:3    | Reached skill level 27 in Shields
104378 | Zot:3    | Received a gift from Trog
104916 | Zot:4    | Noticed a Killer Klown
104919 | Zot:4    | a Killer Klown changed into an acid blob
105878 | Depths:2 | Voluntarily entered the Abyss.
105925 | Abyss:1  | Found a corrupted altar of Lugonu.
105977 | Abyss:1  | Noticed an ancient lich
106318 | Abyss:3  | Found a corrupted altar of Lugonu.
106552 | Abyss:3  | Received a gift from Trog
106764 | Abyss:3  | Found a corrupted altar of Lugonu.
107110 | Abyss:3  | Noticed an ancient lich
107117 | Abyss:3  | Paralysed by accursed screaming for 1 turns
107140 | Abyss:3  | Killed an ancient lich
107158 | Abyss:3  | Paralysed by accursed screaming for 1 turns
107459 | Abyss:4  | Received a gift from Trog
107479 | Abyss:4  | Found a hide-covered altar of Uskayaw.
107509 | Abyss:4  | Noticed an ancient lich
107526 | Abyss:4  | Killed an ancient lich
107756 | Abyss:4  | Paralysed by accursed screaming for 1 turns
107757 | Abyss:4  | Got an abyssal rune of Zot
107920 | Abyss:5  | Entered Level 5 of the Abyss
107920 | Abyss:5  | Entered Level 5 of the Abyss
108172 | Abyss:5  | Found a radiant altar of Vehumet.
108940 | Depths:2 | Escaped the Abyss
109242 | Zot:4    | Received a gift from Trog
109982 | Zot:5    | Entered Level 5 of the Realm of Zot
109982 | Zot:5    | Noticed a Killer Klown
109989 | Zot:5    | Killed a Killer Klown
110640 | Zot:5    | Noticed a Killer Klown
110640 | Zot:5    | Noticed a Killer Klown
110653 | Zot:5    | Noticed a Killer Klown
110655 | Zot:5    | Noticed an orb of fire
110658 | Zot:5    | Noticed an orb of fire
110658 | Zot:5    | Noticed an orb of fire
110690 | Zot:5    | Noticed an ancient lich
110926 | Zot:5    | Noticed a Killer Klown
110950 | Zot:5    | Killed an ancient lich
110990 | Zot:5    | Noticed a Killer Klown
110990 | Zot:5    | a Killer Klown changed into a caustic shrike
111013 | Zot:5    | Killed a Killer Klown
111116 | Zot:5    | Noticed a Killer Klown
111134 | Zot:5    | Gained mutation: You do not regenerate when monsters are
                  | visible. [an orb of fire]
111140 | Zot:5    | Gained mutation: You often lose your temper in combat. [an
                  | orb of fire]
111150 | Zot:5    | Killed an orb of fire
111163 | Zot:5    | Noticed an orb of fire
111172 | Zot:5    | Killed from afar by an orb of fire

Levels and vault maps discovered:
D:1:      grunt_arrival_lava_bath, layout_rooms, serial_glass, glass_columns_c,
          glass_columns_a, minmay_tiny_reverse_x
D:2:      layout_rooms, uniq_terence, uniq_sigmund
D:3:      minmay_bubble_buster, layout_basic, columned_hall_lemuel,
          kennysheep_generic_room_2
D:4:      layout_gridville, minmay_temple_entry_statues, serial_shops, shop
D:5:      layout_loops_corners, eat_drink_and_be_merry_uskayaw, kennysheep_mini,
          serial_shops, kennysheep_mini_moat, first_ration
D:6:      layout_cave_pools, kennysheep_little_box, portal_sewer_entry_b,
          serial_shops, shop, uniq_pikel, uniq_prince_ribbit1
D:7:      layout_loops_cross, nicolae_dithmenos_through_a_glass_darkly,
          lemuel_crystal_altar, uniq_menkaure
D:8:      layout_layer_cave
D:9:      layout_basic, marbit_many_paths, david_orc_3, basic_altar,
          serial_shops, shop, lightli_minifort, uniq_psyche
D:10:     layout_roguey, due_lair_maze_entry_diamond
D:11:     layout_long_grid, serial_shops, nicolae_shop_crystal, shop,
          nicolae_shop_crystal, david_nohive_1, uniq_maurice
D:12:     layout_roguey, lemuel_flamethrower_1
D:13:     minmay_the_grid_four_pointed_star_mashed
          [minmay_the_grid_triangle_9x9_skeleton,
          minmay_the_grid_triangle_9x9_cache,
          minmay_the_grid_triangle_9x9_minimal,
          minmay_the_grid_triangle_9x9_negative_grid,
          minmay_the_grid_prize_four_corners], layout_basic
D:14:     layout_cave_pools, grunt_vaults_entry_fortified,
          gammafunk_ghost_cemetery, serial_co_window_serial,
          co_window_of_opportunity_a, co_window_of_opportunity_a,
          co_window_paths_a, co_window_paths_b, co_window_paths_a,
          co_window_broadway_c, co_window_broadway_c, co_window_broadway_a,
          co_window_broadway_c, co_window_paths_c, co_window_corner_ca,
          glass_columns_a, glass_columns_a, glass_columns_a, glass_columns_a
D:15:     grunt_enter_depths_snipers, layout_irregular_city, lemuel_round_altar,
          serial_shops, nicolae_shop_behind_doors
Lair:1:   layout_roguey, nicolae_volcano_entry_batcave, lemuel_fruit_fields,
          minmay_lair_oklob_chamber
Lair:2:   layout_chaotic_city, ebering_ghost_inner_flame, minmay_lindwurm_lava
Lair:3:   layout_hall_layers, nicolae_spider_entry_non_spiders, wad_woods_01,
          uniq_snorg
Lair:4:   layout_regular_city, swamp_mist_pool, beast_lair_carwin_4
Lair:5:   layout_regular_city, minmay_slime_entry_pillars, lemuel_fruit_fields
Lair:6:   due_jungle_book, layout_loops_ring, gauntlet_entry_generic,
          nicolae_quartered_pool_medium, minmay_another_anthill
Swamp:1:  layout_basic_swamp, evilmike_swamp_ruin_rubble_1
Swamp:2:  layout_basic_swamp, evilmike_swamp_ruin_house_4
Swamp:3:  cheibrodos_swamp_monstrosity, layout_basic_swamp, serial_swamp_ruin,
          hangedman_swamp_ruin_hall, evilmike_swamp_ruin_house_5,
          hangedman_swamp_ruin_wall, uniq_kirke
Swamp:4:  swamp, layout_basic_swamp, swamp_pool4
Spider:1: layout_spider_delve, uniq_frances
Spider:2: layout_chambers, worms_lemuel
Spider:3: layout_spider_delve
Spider:4: guppyfry_spider_rune
Slime:1:  cheibrodos_slime_lost_civilization_9, layout_caves
Slime:2:  layout_caves
Slime:3:  layout_caves
Slime:4:  layout_caves
Slime:5
Orc:1:    layout_caves
Orc:2:    st_orc_pillars, layout_caves, portal_ice_cave_entry_imps,
          minmay_orc_temple_a, uniq_rupert, uniq_josephine, uniq_jorgrun
Elf:1:    eino_elf_arrival_the_gate, layout_gridlike, serial_shops, shop_statue,
          shop, shop, shop, orc_legates, minmay_shoptagon
Elf:2:    layout_geoelf_grid, uniq_nikola, uniq_louise
Elf:3:    minmay_elf_hall_dome, layout_loops_ring, serial_shops, shop_fountains
Vaults:1: vaults_room_pool, ontoclasm_vaults_spin,
          nicolae_vaults_little_squares_1, vaults_room_fours, vaults_room_pool,
          v_misc_27, ontoclasm_vaults_hangar, nicolae_vaults_little_squares_1,
          layout_vaults_quadrants
Vaults:2: nicolae_vaults_little_squares_4, vaults_room_boxed, vaults_room_grid,
          hangedman_vaults_stretched_pinwheel,
          nicolae_vaults_network_quinsquares
          [nicolae_vaults_network_quincunx_subvault,
          nicolae_vaults_network_quincunx_subvault,
          nicolae_vaults_network_quincunx_subvault,
          nicolae_vaults_network_quincunx_subvault], vaults_dpeg_diagonal,
          ontoclasm_vaults_pinch, nicolae_vaults_little_squares_1,
          grunt_vaults_swirl, nicolae_vaults_puzzle_piece,
          vaults_standard_mumra_lines, nicolae_vaults_network_s,
          ontoclasm_vaults_ligature, grunt_vaults_hallway_short,
          layout_vaults_ring, serial_shops, shop, uniq_bai_suzhen
Vaults:3: hangedman_vaults_stitches, st_octagons_1, ontoclasm_vaults_misaligned,
          dpeg_vaults_monster_row, nicolae_vaults_angled_halls,
          grunt_vaults_funnel, ontoclasm_vaults_gateway, layout_vaults_omnicross
Vaults:4: nicolae_vaults_arrows, nicolae_vaults_little_squares_1,
          ontoclasm_vaults_ring_square, sword_in_stone, v_alt_pattern_6,
          hangedman_vaults_cutoff, v_alt_pattern_6, v_misc_16, v_misc_1,
          vaults_dpeg_cross, grunt_vaults_trifunnel,
          ontoclasm_vaults_decontamination, vaults_dpeg_hooks,
          ontoclasm_vaults_shuriken, layout_vaults_omnibox, serial_shops,
          bzr_entry_islet, uniq_boris
Vaults:5
Crypt:1:  layout_regular_city, grunt_megastairs_1, grunt_crypt_arrival_webbed,
          uniq_jory
Crypt:2:  layout_regular_city, uniq_mara
Crypt:3:  david_glass_crypt, layout_gridlike, nicolae_tomb_entry_rubble_hallway
Depths:1: minmay_strange_plus, layout_cave_pools, hell_entry, serial_glass,
          glass_columns_c, glass_columns_b, minmay_microvault
Depths:2: abrahamwl_protected_by_tso_2, layout_cave_shapes, pan_entry,
          abyss_entry_crystal, lightli_too_deep, kennysheep_path_1,
          grunt_ministairs_6, uniq_sojobo, uniq_asterion
Depths:3: hangedman_arch_fort, layout_long_grid, enter_ziggurat_f,
          nicolae_abyss_entry_one_way_or_another, pan_entry, mu_enter_wizlab_6,
          hellmouth_1, old_standard_altar, lemuel_statue_altar
Depths:4: nicolae_legendary_halls, layout_long_grid, minmay_misc_feat_rows,
          hell_entry, ebering_ghost_reflecting_pool, minmay_room_of_horrors,
          minmay_metal_thing, firewood_loft
Depths:5: grunt_zot_entry_tricorne, layout_gridville, pf_hell_entry_great_geh,
          grunt_decor_fettered, moated_statue, uniq_margery, uniq_saint_roka
Zot:1:    layout_gridlike, gammafunk_ghost_split, grunt_ministairs_7,
          hangedman_player_shredder
Zot:2:    layout_onion_interference
Zot:3:    kennysheep_blocky_room, layout_misc_corridors, grunt_ministairs_12
Zot:4:    kennysheep_blocky_hall, layout_onion, bh_zot_levy_curve, drop_trap
Zot:5:    layout_cathedral_of_symmetry, st_stairs_13

Skill      XL: |  1  2  3  4  5  6  7  8  9 10 11 12 13 14 15 16 17 18 19 20 21 22 23 24 25 26 27 |
---------------+----------------------------------------------------------------------------------+-----
Short Blades   | 4 5 6 8 9 10 11 12 13 14 15 16 17 18 19 20 22 | 22.8
Fighting       | 3 4 5 6 8 9 10 11 12 13 14 15 16 17 20 | 20.8
Dodging        | 3 4 6 7 9 10 12 13 14 15 16 17 18 19 23 | 23.3
Stealth        | 1 2 3 4 5 7 8 9 10 11 12 13 14 17 | 17.4
Slings         | 1 2 3 6 9 11 12 13 14 15 16 | 16.0
Armour         | 3 4 5 6 7 8 9 10 11 13 | 13.2
Evocations     | 1 2 3 4 6 7 9 10 11 13 14 19 | 19.8
Shields        | 2 5 7 8 10 11 13 14 15 16 17 18 20 22 27 | 27.0

Action                   |  1- 3 |  4- 6 |  7- 9 | 10-12 | 13-15 | 16-18 | 19-21 | 22-24 | 25-27 || total
-------------------------+-------+-------+-------+-------+-------+-------+-------+-------+-------++-------
Melee: Short sword       |   110 |   184 |   505 |  1271 |  1451 |   207 |       |       |       ||  3728
       Rapier            |       |       |       |       |       |  1627 |       |       |       ||  1627
       Quick blade       |       |       |       |       |       |   886 |  3525 |  2691 |  8157 || 15259
       Unarmed           |       |       |       |       |       |       |       |       |     2 ||     2
 Fire: Hunting sling     |       |     7 |    56 |   276 |   170 |   536 |       |       |       ||  1045
       Fustibalus        |       |       |       |       |       |     4 |   178 |   215 |   115 ||   512
Invok: Berserk           |     1 |     3 |    11 |    18 |    15 |    30 |    26 |    12 |    40 ||   156
       Trog's Hand       |       |     2 |     3 |     3 |     7 |     8 |     6 |     8 |    31 ||    68
       Brothers in Arms  |       |       |       |       |     1 |     3 |     1 |     3 |     8 ||    16
Evoke: Wand              |       |       |     2 |    11 |     4 |     5 |     1 |       |       ||    23
       Phial of floods   |       |       |       |     1 |     1 |     2 |       |     1 |     1 ||     6
       Lightning rod     |       |       |       |       |     4 |     2 |       |     2 |       ||     8
       Sack of spiders   |       |       |       |       |       |     2 |       |     1 |       ||     3
       Fan of gales      |       |       |       |       |       |     2 |       |       |       ||     2
       Box of beasts     |       |       |       |       |       |     2 |       |       |     2 ||     4
       Lamp of fire      |       |       |       |       |       |       |       |       |     1 ||     1
  Use: Scroll            |     1 |     2 |    10 |     5 |    13 |    17 |     9 |    14 |    28 ||    99
       Potion            |       |       |       |     4 |     6 |     5 |     2 |     1 |    14 ||    32
 Stab: Sleeping          |       |     1 |     1 |    10 |    12 |    31 |    35 |    43 |    80 ||   213
       Paralysed         |       |       |       |     3 |       |     1 |       |       |       ||     4
       Distracted        |       |       |       |     1 |     3 |     3 |     3 |     3 |    19 ||    32
       Petrified         |       |       |       |       |       |     1 |       |       |       ||     1
  Eat: Chunk             |     1 |     7 |    24 |    36 |     8 |    76 |    20 |    33 |    61 ||   266
       Ration            |       |     1 |     1 |     2 |    10 |     5 |    18 |     9 |    36 ||    82
Armor: Animal skin       |    21 |     9 |       |       |       |       |       |       |       ||    30
       Ring mail         |       |    29 |    71 |       |       |       |    70 |   181 |   435 ||   786
       Troll leather arm |       |       |    31 |   204 |   156 |   304 |   108 |       |       ||   803
Dodge: Dodged            |   113 |   144 |   410 |  1131 |   892 |  1878 |  1283 |   839 |  2841 ||  9531
Block: Buckler           |       |       |       |     7 |   220 |  1029 |  1145 |   296 |       ||  2697
       Reflection        |       |       |       |       |       |    13 |    31 |   150 |   171 ||   365
       Shield            |       |       |       |       |       |       |       |  1094 |  5354 ||  6448

Table legend:
 A = Non-vault XP
 B = Vault XP
 C = Vault XP percentage of total XP
 D = Non-vault monster count
 E = Vault monster count
 F = Vault count percentage of total count
                 A         B        C        D         E       F
            +---------+---------+-------+---------+---------+-------
      Total | 1088842 |  828456 |  43.2 |    2042 |     939 |  31.5
            +---------+---------+-------+---------+---------+-------
        D:1 |      42 |       3 |   6.7 |      22 |       2 |   8.3
        D:2 |      73 |     256 |  77.8 |      17 |       2 |  10.5
        D:3 |     234 |      54 |  18.8 |      35 |      10 |  22.2
        D:4 |     223 |       0 |   0.0 |      17 |       0 |   0.0
        D:5 |    1006 |       0 |   0.0 |      20 |       0 |   0.0
        D:6 |     537 |     896 |  62.5 |       7 |       6 |  46.2
        D:7 |     309 |     183 |  37.2 |      16 |       1 |   5.9
        D:8 |    3047 |       0 |   0.0 |      33 |       0 |   0.0
        D:9 |    1744 |    1446 |  45.3 |      26 |      11 |  29.7
       D:10 |     774 |    1232 |  61.4 |      18 |      11 |  37.9
       D:11 |    5847 |    1589 |  21.4 |      42 |      15 |  26.3
       D:12 |    6565 |       0 |   0.0 |      46 |       0 |   0.0
       D:13 |    9254 |    8768 |  48.7 |      25 |      19 |  43.2
       D:14 |   14436 |   10192 |  41.4 |      41 |      13 |  24.1
       D:15 |   22353 |    3775 |  14.4 |      57 |       4 |   6.6
     Lair:1 |    1523 |    1006 |  39.8 |       9 |       4 |  30.8
     Lair:2 |    8819 |    4798 |  35.2 |      23 |       6 |  20.7
     Lair:3 |    7722 |    2650 |  25.5 |      25 |      15 |  37.5
     Lair:4 |   10058 |    2428 |  19.4 |      35 |       7 |  16.7
     Lair:5 |    9474 |     800 |   7.8 |      19 |       4 |  17.4
     Lair:6 |   11353 |    8231 |  42.0 |      28 |      31 |  52.5
    Swamp:1 |   17644 |       0 |   0.0 |      41 |       0 |   0.0
    Swamp:2 |   14502 |       0 |   0.0 |      40 |       0 |   0.0
    Swamp:3 |   12251 |    5148 |  29.6 |      24 |       2 |   7.7
    Swamp:4 |    5383 |   18762 |  77.7 |      16 |      30 |  65.2
   Spider:1 |   14002 |       0 |   0.0 |      49 |       0 |   0.0
   Spider:2 |   19241 |    5691 |  22.8 |      58 |      19 |  24.7
   Spider:3 |   15471 |       0 |   0.0 |      33 |       0 |   0.0
   Spider:4 |   12996 |   24857 |  65.7 |      37 |      35 |  48.6
    Slime:1 |   32147 |       0 |   0.0 |      48 |       0 |   0.0
    Slime:2 |   16534 |       0 |   0.0 |      34 |       0 |   0.0
    Slime:3 |   15922 |       0 |   0.0 |      29 |       0 |   0.0
    Slime:4 |   25497 |     274 |   1.1 |      39 |       1 |   2.5
    Slime:5 |   13206 |   25603 |  66.0 |      24 |      13 |  35.1
      Orc:1 |    2961 |      11 |   0.4 |      29 |       1 |   3.3
      Orc:2 |    5571 |   19795 |  78.0 |      51 |      91 |  64.1
      Elf:1 |   19746 |   14669 |  42.6 |      30 |      36 |  54.5
      Elf:2 |   16380 |   26006 |  61.4 |      28 |      29 |  50.9
      Elf:3 |   16218 |   44608 |  73.3 |      27 |      29 |  51.8
   Vaults:1 |   40829 |    7525 |  15.6 |      73 |      10 |  12.0
   Vaults:2 |   19233 |   20103 |  51.1 |      42 |      33 |  44.0
   Vaults:3 |   18816 |   33308 |  63.9 |      27 |      37 |  57.8
   Vaults:4 |   32258 |   72096 |  69.1 |      47 |      68 |  59.1
   Vaults:5 |   38487 |   74529 |  65.9 |      60 |      64 |  51.6
    Crypt:1 |   23351 |    7525 |  24.4 |      27 |       9 |  25.0
    Crypt:2 |   19604 |    8412 |  30.0 |      32 |       1 |   3.0
    Crypt:3 |   23565 |   42382 |  64.3 |      41 |      14 |  25.5
   Depths:1 |   29580 |   12251 |  29.3 |      42 |      10 |  19.2
   Depths:2 |   31320 |   12547 |  28.6 |      32 |       7 |  17.9
   Depths:3 |   46101 |   59057 |  56.2 |      50 |      26 |  34.2
   Depths:4 |   25535 |   53999 |  67.9 |      35 |      38 |  52.1
   Depths:5 |   26994 |   33018 |  55.0 |      23 |      30 |  56.6
      Zot:1 |   49814 |   46475 |  48.3 |      34 |      23 |  40.4
      Zot:2 |   60183 |       0 |   0.0 |      37 |       0 |   0.0
      Zot:3 |   61183 |   20137 |  24.8 |      37 |      13 |  26.0
      Zot:4 |   55576 |    6046 |   9.8 |      35 |       4 |  10.3
      Zot:5 |   14945 |   44250 |  74.8 |       7 |      11 |  61.1
    Abyss:1 |     605 |       0 |   0.0 |       3 |       0 |   0.0
    Abyss:2 |    4020 |       0 |   0.0 |      11 |       0 |   0.0
    Abyss:3 |   38778 |    4033 |   9.4 |      77 |       7 |   8.3
    Abyss:4 |   16205 |    5234 |  24.4 |      34 |       7 |  17.1
    Abyss:5 |   20795 |    1496 |   6.7 |      38 |       1 |   2.6
      Sewer |       0 |     177 | 100.0 |       0 |       9 | 100.0
      IceCv |       0 |    2849 | 100.0 |       0 |      10 | 100.0
    Volcano |       0 |    1556 | 100.0 |       0 |       8 | 100.0
     WizLab |       0 |   21369 | 100.0 |       0 |      36 | 100.0
   Gauntlet |       0 |    4351 | 100.0 |       0 |      16 | 100.0
            +---------+---------+-------+---------+---------+-------
